[ AOE2 MATCH · #506244775 ]
UnrankedPersians vs Cumans
Player's team · LOSS
Rival team · WIN
[ REPLAY ANALYSIS · EXTRACTED FROM THE RECORDED GAME ]
Feudal
11:13
Castle
14:28
Imperial
38:51
| APM avg | 32.0 |
| APM peak | 75 |
| eAPM avg | 21.3 |
| Villagers / military | 169 / 45 |
Focus
⚔️ 19.6% · 🌾 80.4%
Bombard Cannon ×12 · Scorpion ×10 · Mangonel ×6 · Spearman ×6 · Trebuchet (Packed) ×6 · Knight ×2
Feudal
8:51
Castle
28:32
Imperial
36:59
| APM avg | 62.4 |
| APM peak | 106 |
| eAPM avg | 33.7 |
| Villagers / military | 214 / 100 |
Focus
⚔️ 31.7% · 🌾 68.3%
Steppe Lancer ×57 · Spearman ×12 · Battering Ram ×8 · Trebuchet (Packed) ×8 · Mangonel ×5 · Scout Cavalry ×4
Match map
Initial resources + every placement click. Lines = walls · curves = elevation contours. ◆ gold · ⬟ stone · ● berries · ✦ relic · ◌ wall gap
Your base· ✓ Closed at 14:28 · 0t walls · 3 gate(s)
SimmaHem7912's base· ✓ Closed at 28:32 · 4t walls · 2 gate(s)
Smoothed initial terrain · ◌ = detected wall gap · hover for details
Inputs per minute
— jj1471 - - SimmaHem7912
Build order — jj1471
First 150 of 421 actions detected
| 0:01 | Queue | Villager (Male) |
| 0:02 | Queue | Villager (Male) |
| 0:02 | Queue | Villager (Male) |
| 0:03 | Build | House |
| 0:04 | Build | House |
| 0:19 | Queue | Villager (Male) |
| 0:20 | Queue | Villager (Male) |
| 1:25 | Queue | Villager (Male) |
| 1:51 | Build | Lumber Camp |
| 1:55 | Queue | Villager (Male) |
| 2:32 | Queue | Villager (Male) |
| 2:52 | Queue | Villager (Male) |
| 3:17 | Build | House |
| 3:18 | Build | House |
| 3:19 | Build | House |
| 3:20 | Build | House |
| 3:24 | Queue | Villager (Male) |
| 3:45 | Queue | Villager (Male) |
| 4:07 | Queue | Villager (Male) |
| 4:20 | Queue | Villager (Male) |
| 4:23 | Build | Mill |
| 4:31 | Queue | Villager (Male) |
| 5:20 | Queue | Villager (Male) |
| 5:26 | Queue | Villager (Male) |
| 5:48 | Queue | Villager (Male) |
| 5:48 | Queue | Villager (Male) |
| 6:03 | Build | Farm |
| 6:05 | Build | Farm |
| 6:15 | Queue | Villager (Male) |
| 6:15 | Queue | Villager (Male) |
| 6:15 | Queue | Villager (Male) |
| 7:04 | Queue | Villager (Male) |
| 7:04 | Queue | Villager (Male) |
| 7:15 | Build | Farm |
| 8:01 | Build | Farm |
| 8:31 | Build | Barracks |
| 8:36 | Research | Feudal Age |
| 9:16 | Build | Mining Camp |
| 9:34 | Queue | Villager (Male) |
| 9:34 | Queue | Villager (Male) |
| 11:13 | Age | Feudal Age |
| 11:14 | Build | Market |
| 11:17 | Build | Stable |
| 11:31 | Research | Loom |
| 11:41 | Build | House |
| 11:41 | Build | House |
| 11:42 | Build | House |
| 11:42 | Build | House |
| 11:42 | Build | House |
| 11:43 | Build | House |
| 12:03 | Research | Castle Age |
| 12:05 | Queue | Spearman |
| 12:28 | Queue | Spearman |
| 12:36 | Build | House |
| 12:37 | Build | House |
| 12:38 | Build | House |
| 13:04 | Queue | Spearman |
| 13:16 | Build | Mining Camp |
| 13:20 | Queue | Spearman |
| 14:05 | Queue | Villager (Male) |
| 14:13 | Queue | Spearman |
| 14:20 | Queue | Spearman |
| 14:28 | Age | Castle Age |
| 14:34 | Queue | Knight |
| 14:49 | Queue | Villager (Male) |
| 15:02 | Queue | Villager (Male) |
| 15:15 | Queue | Villager (Male) |
| 15:29 | Queue | Knight |
| 15:35 | Queue | Villager (Male) |
| 15:51 | Build | Blacksmith |
| 15:54 | Queue | Villager (Male) |
| 16:38 | Queue | Villager (Male) |
| 16:50 | Build | Farm |
| 16:50 | Build | Farm |
| 16:50 | Build | Farm |
| 16:51 | Build | Farm |
| 16:51 | Build | Farm |
| 16:51 | Build | Farm |
| 17:14 | Queue | Villager (Male) |
| 17:22 | Queue | Villager (Male) |
| 17:58 | Queue | Villager (Male) |
| 17:58 | Queue | Villager (Male) |
| 18:09 | Build | Siege Workshop |
| 18:27 | Build | Farm |
| 18:28 | Queue | Villager (Male) |
| 18:46 | Queue | Scorpion |
| 18:50 | Queue | Villager (Male) |
| 18:54 | Build | Farm |
| 18:58 | Build | Farm |
| 19:21 | Queue | Battering Ram |
| 19:23 | Queue | Villager (Male) |
| 19:23 | Queue | Villager (Male) |
| 19:34 | Build | Farm |
| 19:40 | Build | Farm |
| 19:50 | Queue | Villager (Male) |
| 19:51 | Queue | Villager (Male) |
| 19:55 | Queue | Scorpion |
| 20:09 | Queue | Villager (Male) |
| 20:12 | Queue | Scorpion |
| 20:25 | Queue | Villager (Male) |
| 20:25 | Queue | Villager (Male) |
| 20:34 | Queue | Mangonel |
| 20:36 | Queue | Villager (Male) |
| 20:37 | Queue | Villager (Male) |
| 20:57 | Queue | Villager (Male) |
| 20:57 | Queue | Villager (Male) |
| 21:04 | Queue | Villager (Male) |
| 21:04 | Queue | Villager (Male) |
| 21:27 | Queue | Villager (Male) |
| 21:28 | Queue | Villager (Male) |
| 21:45 | Queue | Villager (Male) |
| 21:46 | Queue | Villager (Male) |
| 21:51 | Build | House |
| 21:51 | Build | House |
| 21:52 | Build | House |
| 21:52 | Build | House |
| 21:59 | Queue | Mangonel |
| 22:06 | Build | Town Center |
| 22:12 | Build | Farm |
| 22:13 | Build | Farm |
| 22:26 | Queue | Villager (Male) |
| 22:46 | Build | House |
| 22:59 | Build | House |
| 23:01 | Queue | Villager (Male) |
| 23:02 | Queue | Villager (Male) |
| 23:22 | Queue | Mangonel |
| 23:23 | Queue | Villager (Male) |
| 23:29 | Queue | Villager (Male) |
| 23:29 | Queue | Villager (Male) |
| 23:33 | Build | Farm |
| 23:33 | Build | Farm |
| 23:34 | Build | Farm |
| 23:34 | Build | Farm |
| 23:34 | Build | Farm |
| 23:34 | Build | Farm |
| 23:35 | Build | Farm |
| 23:48 | Queue | Villager (Male) |
| 23:49 | Queue | Villager (Male) |
| 24:11 | Queue | Mangonel |
| 24:17 | Queue | Villager (Male) |
| 24:20 | Queue | Villager (Male) |
| 24:21 | Queue | Villager (Male) |
| 24:21 | Queue | Villager (Male) |
| 24:30 | Build | Lumber Camp |
| 24:49 | Queue | Villager (Male) |
| 24:49 | Queue | Villager (Male) |
| 24:54 | Queue | Mangonel |
| 24:55 | Queue | Villager (Male) |
| 24:55 | Queue | Villager (Male) |
| 25:13 | Queue | Villager (Male) |
Build order — SimmaHem7912
First 150 of 460 actions detected
| 0:01 | Queue | Villager (Male) ×4 |
| 0:01 | Queue | Villager (Male) ×4 |
| 0:02 | Build | House |
| 0:03 | Build | House |
| 1:27 | Queue | Villager (Male) |
| 1:57 | Queue | Villager (Male) |
| 2:21 | Queue | Villager (Male) |
| 2:42 | Queue | Villager (Male) |
| 2:42 | Queue | Villager (Male) |
| 2:57 | Queue | Villager (Male) |
| 2:57 | Queue | Villager (Male) |
| 3:34 | Build | House |
| 3:40 | Queue | Villager (Male) |
| 3:40 | Queue | Villager (Male) |
| 4:18 | Queue | Villager (Male) |
| 4:18 | Queue | Villager (Male) |
| 4:27 | Queue | Villager (Male) |
| 4:27 | Queue | Villager (Male) |
| 4:35 | Build | Lumber Camp |
| 4:35 | Queue | Villager (Male) |
| 4:46 | Queue | Villager (Male) |
| 4:51 | Queue | Villager (Male) |
| 5:36 | Queue | Villager (Male) |
| 5:59 | Build | Mill |
| 6:04 | Queue | Villager (Male) |
| 6:34 | Research | Feudal Age |
| 6:34 | Research | Feudal Age |
| 7:00 | Build | House |
| 7:59 | Queue | Villager (Male) |
| 8:29 | Queue | Villager (Male) |
| 8:48 | Queue | Villager (Male) |
| 8:51 | Age | Feudal Age |
| 8:51 | Research | Double-Bit Axe |
| 8:56 | Build | Market |
| 9:00 | Build | Blacksmith |
| 9:10 | Queue | Villager (Male) |
| 9:32 | Build | Siege Workshop |
| 9:38 | Research | Loom |
| 10:00 | Queue | Villager (Male) |
| 10:00 | Queue | Villager (Male) |
| 10:06 | Queue | Battering Ram |
| 10:08 | Build | House |
| 10:33 | Build | Watch Tower |
| 10:37 | Queue | Villager (Male) |
| 10:54 | Queue | Villager (Male) |
| 10:58 | Build | Mining Camp |
| 11:16 | Queue | Battering Ram |
| 11:17 | Queue | Battering Ram |
| 11:24 | Build | House |
| 11:29 | Queue | Villager (Male) |
| 11:54 | Queue | Villager (Male) |
| 12:18 | Queue | Villager (Male) |
| 12:48 | Queue | Villager (Male) |
| 13:08 | Build | Watch Tower |
| 13:23 | Queue | Villager (Male) |
| 13:23 | Queue | Villager (Male) |
| 13:23 | Queue | Villager (Male) |
| 14:11 | Queue | Villager (Male) |
| 14:11 | Queue | Villager (Male) |
| 14:21 | Build | Town Center |
| 14:54 | Build | Barracks |
| 14:54 | Build | Barracks |
| 15:16 | Queue | Villager (Male) |
| 15:31 | Queue | Villager (Male) |
| 15:58 | Queue | Villager (Male) |
| 16:19 | Build | Palisade Wall |
| 16:45 | Queue | Villager (Male) |
| 16:55 | Build | Palisade Wall |
| 16:57 | Build | Palisade Wall |
| 17:03 | Build | Barracks |
| 17:06 | Queue | Villager (Male) |
| 17:09 | Build | Farm |
| 17:10 | Build | Farm |
| 17:12 | Build | Farm |
| 17:13 | Queue | Villager (Male) |
| 17:13 | Queue | Villager (Male) |
| 17:15 | Build | Farm |
| 17:15 | Build | Farm |
| 17:16 | Build | Farm |
| 17:16 | Build | Farm |
| 17:16 | Build | Farm |
| 17:16 | Build | Farm |
| 17:16 | Build | Farm |
| 17:17 | Build | Farm |
| 17:17 | Build | Farm |
| 17:23 | Build | Palisade Wall |
| 17:36 | Queue | Villager (Male) |
| 17:36 | Queue | Villager (Male) |
| 17:41 | Research | Horse Collar |
| 17:55 | Queue | Spearman |
| 18:13 | Queue | Spearman |
| 18:15 | Queue | Villager (Male) |
| 18:15 | Queue | Villager (Male) |
| 18:30 | Build | Watch Tower |
| 18:30 | Build | Watch Tower |
| 18:42 | Queue | Villager (Male) |
| 18:42 | Queue | Villager (Male) |
| 18:45 | Build | House |
| 18:51 | Build | Farm |
| 18:51 | Build | Farm |
| 18:51 | Build | Farm |
| 18:51 | Build | Farm |
| 18:52 | Build | Farm |
| 18:52 | Build | Farm |
| 18:52 | Build | Farm |
| 18:52 | Build | Farm |
| 18:52 | Build | Farm |
| 18:55 | Queue | Villager (Male) |
| 19:03 | Build | House |
| 19:11 | Queue | Villager (Male) |
| 19:18 | Queue | Villager (Male) |
| 19:25 | Queue | Spearman |
| 19:41 | Queue | Villager (Male) |
| 19:43 | Queue | Spearman |
| 19:51 | Queue | Battering Ram |
| 19:52 | Queue | Villager (Male) |
| 19:56 | Build | House |
| 20:12 | Queue | Spearman |
| 20:13 | Queue | Spearman |
| 20:15 | Build | House |
| 20:22 | Queue | Villager (Male) |
| 20:34 | Research | Wheelbarrow |
| 20:35 | Research | Wheelbarrow |
| 20:49 | Queue | Spearman |
| 20:49 | Queue | Spearman |
| 21:02 | Queue | Battering Ram |
| 21:17 | Queue | Spearman |
| 21:35 | Queue | Villager (Male) |
| 21:49 | Queue | Villager (Male) |
| 21:49 | Queue | Villager (Male) |
| 21:49 | Queue | Villager (Male) |
| 21:49 | Queue | Villager (Male) |
| 22:07 | Build | Farm |
| 22:08 | Build | Farm |
| 22:17 | Queue | Villager (Male) |
| 22:18 | Queue | Spearman |
| 22:19 | Queue | Spearman |
| 22:19 | Queue | Spearman |
| 22:21 | Build | House |
| 22:22 | Build | House |
| 22:22 | Build | House |
| 22:37 | Queue | Villager (Male) |
| 22:44 | Build | House |
| 22:58 | Queue | Battering Ram |
| 23:13 | Queue | Villager (Male) |
| 23:18 | Queue | Villager (Male) |
| 23:20 | Build | Farm |
| 23:20 | Build | Farm |
| 23:21 | Build | Farm |
| 23:21 | Build | Farm |
Match timeline
| 8:31 | jj1471 · first_building Barracks |
| 8:51 | SimmaHem7912 · age_up feudal |
| 9:32 | SimmaHem7912 · first_building Siege Workshop |
| 11:13 | jj1471 · age_up feudal |
| 11:17 | jj1471 · first_building Stable |
| 14:28 | jj1471 · age_up castle |
| 14:33 | jj1471 · first_market_sell 100 wood |
| 14:54 | SimmaHem7912 · first_building Barracks |
| 16:19 | SimmaHem7912 · wall_segment Palisade Wall x1 |
| 16:55 | SimmaHem7912 · wall_segment Palisade Wall x1 |
| 16:57 | SimmaHem7912 · wall_segment Palisade Wall x1 |
| 17:23 | SimmaHem7912 · wall_segment Palisade Wall x1 |
| 18:09 | jj1471 · first_building Siege Workshop |
| 25:05 | SimmaHem7912 · first_building Stable |
| 28:32 | SimmaHem7912 · age_up castle |
| 28:41 | jj1471 · first_market_buy 100 stone |
| 28:43 | SimmaHem7912 · first_building Monastery |
| 28:53 | jj1471 · wall_segment Stone Wall x1 |
| 28:55 | jj1471 · wall_segment Stone Wall x1 |
| 29:30 | jj1471 · wall_segment Stone Wall x1 |
| 29:31 | jj1471 · wall_segment Stone Wall x1 |
| 29:58 | jj1471 · wall_segment Stone Wall x1 |
| 29:59 | jj1471 · wall_segment Stone Wall x1 |
| 30:13 | jj1471 · wall_segment Stone Wall x1 |
| 32:24 | jj1471 · first_building Castle |
| 34:13 | SimmaHem7912 · first_market_buy 100 stone |
| 35:28 | SimmaHem7912 · first_building Castle |
| 35:41 | SimmaHem7912 · first_building Archery Range |
| 36:59 | SimmaHem7912 · age_up imperial |
| 38:51 | jj1471 · age_up imperial |
| 39:05 | SimmaHem7912 · first_market_sell 500 food |
| 44:30 | jj1471 · resign |
[ AI ANALYSIS · 1 CREDIT ]
What really happened in this match?
Wolo.gg analyzes every decision: build order, eco, micro, common mistakes by bracket. Personalized analysis on WhatsApp or Discord in 30 seconds.
Civ guide
Persians
Perfil
Jugador #233339